 Dungeon Crawl Stone Soup version 0.31.0-12-g77e489cdc1 (webtiles) character file.

Game seed: 16614320509603713603

32193 PaiMei the Artisan of Death (level 13, -8/106 HPs)
             Began as a Demonspawn Necromancer on Mar 1, 2024.
             Was a Priest of Kikubaaqudgha.
             Mangled by a seven-headed hydra (11 damage)
             ... on level 5 of the Lair of Beasts on Mar 2, 2024.
             The game lasted 00:37:48 (21723 turns).

PaiMei the Artisan of Death (DsNe)                 Turns: 21723, Time: 00:37:48

Health: -8/106     AC: 13    Str:  9    XL:     13   Next: 30%
Magic:  8/27       EV: 20    Int: 29    God:    Kikubaaqudgha [***...]
Gold:   916        SH:  0    Dex: 14    Spells: 17/33 levels left

rFire   + . .        U - +7 Spriggan's Knife {stab, EV+4 Stlth+}
rCold   + + .        x - orb {*channel}
rNeg    . . .        M - +1 leather armour {Will+}
rPois   .            h - +1 hat {Int+3}
rElec   .            r - scarf {rC+ rF+}
rCorr   .            E - +2 pair of gloves
SInv    .            H - +0 pair of boots
Will    +....        i - amulet of regeneration
Stlth   +++          k - +6 ring of intelligence
HPRegen 1.17/turn    I - ring of wizardry
MPRegen 0.20/turn

%: wizardry (x1), channel magic (20%)
@: lethally poisoned (-8 -> -11)
A: icy blue scales 3, demonic guardian 2, ignite blood 3, demonic touch 1
a: Renounce Religion, Unearth Wretches


You were on level 5 of the Lair of Beasts.
You worshipped Kikubaaqudgha.
Kikubaaqudgha was most pleased with you.
You visited 3 branches of the dungeon, and saw 16 of its levels.
You also visited: Sewer.

You collected 958 gold pieces.
You spent 42 gold pieces at shops.

Inventory:

Hand Weapons
 b - a +2 sling of freezing
 p - a +3 trident of draining
 R - a +2 trident of protection
 U - the +7 Spriggan's Knife (weapon) {stab, EV+4 Stlth+}
   (You found it on level 9 of the Dungeon)

   Stab:      It is more effective when stabbing unaware enemies, sometimes
   treating them as though they were completely helpless.
   EV+4:      It affects your evasion (+4).
   Stlth+:    It makes you more stealthy.
Missiles
 A - 2 atropa-tipped darts (quivered)
 G - 39 poisoned darts
Armour
 h - a +1 hat of intelligence (worn)
 r - a scarf of resistance (worn)
 x - an orb of energy (worn)
 E - a +2 pair of gloves (worn)
 H - a +0 pair of boots (worn)
 M - a +1 leather armour of willpower (worn)
 O - an orb of mayhem
 S - a +0 buckler
 Y - a +2 scale mail of fire resistance
Jewellery
 a - a ring of protection from fire
 d - an amulet of magic regeneration
 i - an amulet of regeneration (around neck)
 j - a ring of wizardry
 k - a +6 ring of intelligence (left hand)
 s - a ring of protection from cold
 I - a ring of wizardry (right hand)
 N - an amulet of faith
Wands
 e - a wand of iceblast (12)
 m - a wand of polymorph (10)
 o - a wand of paralysis (44)
 L - a wand of flame (19)
Scrolls
 c - 3 scrolls of fog
 n - 2 scrolls of silence
 t - 2 scrolls of enchant armour
 u - 6 scrolls of revelation
 v - 2 scrolls of enchant weapon
 w - 2 scrolls of immolation
 y - a scroll of vulnerability {unknown}
 B - a scroll of torment {unknown}
 C - 3 scrolls of identify
 J - 4 scrolls of teleportation
 V - a scroll of summoning {unknown}
 X - 2 scrolls of fear {unknown}
 Z - a scroll of amnesia {unknown}
Potions
 f - 5 potions of curing
 g - a potion of haste
 l - 2 potions of might
 q - 3 potions of heal wounds
 z - a potion of brilliance
 F - 5 potions of magic
 K - a potion of degeneration {unknown}
 P - 4 potions of attraction
 Q - 2 potions of invisibility {unknown}
 W - 3 potions of enlightenment
Miscellaneous
 D - a sack of spiders
 T - a phial of floods


   Skills:
 + Level 11.5 Fighting
 + Level 10.9 Dodging
 - Level 2.2 Stealth
 + Level 10.9 Spellcasting
 + Level 13.3 Necromancy


You had 17 spell levels left.
You knew the following spells:

 Your Spells              Type           Power      Damage    Failure   Level
a - Necrotise             Necr           100%       1d9       1%          1
b - Vampiric Draining     Necr           76%        2d11      1%          3
c - Animate Dead          Necr           76%        N/A       1%          4
d - Curse of Agony        Necr           76%        N/A       1%          5
e - Fugue of the Fallen   Necr           76%        N/A       1%          3

Your spell library contained the following spells:

 Spells                   Type           Power      Damage    Failure   Level
 Sublimation of Blood     Necr           76%        N/A       1%          2
 Dispel Undead            Necr           76%        3d25      1%          4
 Cigotuvi's Dreadful Rot  Necr/Alch/Air  82%        N/A       2%          2
 Anguish                  Hex/Necr       26%        N/A       4%          4
 Martyr's Knell           Necr/Summ      53%        N/A       4%          4
 Freeze                   Ice            60%        1d7       6%          1
 Magic Dart               Conj           60%        1d6       6%          1
 Summon Small Mammal      Summ           60%        N/A       6%          1
 Blink                    Tloc           30%        N/A       9%          2
 Call Imp                 Summ           30%        N/A       9%          2
 Searing Ray              Conj           30%        2d5       9%          2
 Call Canine Familiar     Summ           15%        N/A       13%         3
 Frozen Ramparts          Ice            30%        1d5       13%         3
 Gell's Gravitas          Tloc           15%        N/A       13%         3
 Hailstorm                Conj/Ice       15%        3d6       13%         3
 Sigil of Binding         Hex            15%        N/A       13%         3
 Teleport Other           Tloc           15%        N/A       13%         3
 Dimensional Bullseye     Hex/Tloc       7%         N/A       32%         4
 Fulminant Prism          Conj/Alch      7%         3d7       32%         4
 Summon Blazeheart Golem  Fire/Summ      15%        N/A       32%         4
 Conjure Ball Lightning   Conj/Air       7%         3x3d6     98%         6
 Dispersal                Tloc           7%         N/A       98%         6
 Discord                  Hex            7%         N/A       100%        8
 Disjunction              Tloc           7%         N/A       100%        8


Dungeon Overview and Level Annotations

Branches:
Dungeon (10/15)            Temple (1/1) D:6            Lair (5/5) D:9
 Shoals (0/4) Lair:3        Snake (0/4) Lair:2          Orc (0/2) D:9
  Sewer (visited)
  Slime: Lair:4-5

Altars:
Ashenzari
Cheibriados
Dithmenos
Fedhas
Gozag
Hepliaklqana
Kikubaaqudgha
Makhleb
Nemelex Xobeh
Okawaru
Qazlal
Ru
Sif Muna
Trog
Uskayaw
Vehumet
Wu Jian
Xom
Yredelemnul

Shops:
D:2 [   D:5 *

Annotations:
D:9 2 runed translucent doors
D:10 Erolcha


Innate Abilities, Weirdness & Mutations

You are completely covered in icy blue scales. (AC +4, rC+)
A demonic guardian rushes to your aid.
Your demonic aura causes all spilled blood to erupt in flames.
Your touch may inflict minor irresistible damage on your foes.


Message History

* * * LOW HITPOINT WARNING * * *
The seven-headed hydra completely misses you.
The black mamba bites you but does no damage.
Casting: Vampiric Draining (safe; 1% risk of failure)
Confirm with . or Enter, or press ? or * to list all spells.
Aiming: Vampiric Draining (safe; 1% risk of failure)
Press: ? - help, Shift-Dir - straight line, f/p - black mamba
Aim: a black mamba (lightly wounded)
You draw life force from the black mamba!!
You feel life coursing into your body!
You feel very sick. The black mamba bites you!
* * * LOW HITPOINT WARNING * * *
The seven-headed hydra bites you but does no damage.
The seven-headed hydra completely misses you.
The seven-headed hydra bites you.
* * * LOW HITPOINT WARNING * * *
A demonic guardian appears!
The seven-headed hydra closely misses you.
The seven-headed hydra misses you.
The seven-headed hydra bites you but does no damage.
The seven-headed hydra barely misses you.
Casting: Vampiric Draining (safe; 1% risk of failure)
Confirm with . or Enter, or press ? or * to list all spells.
Aiming: Vampiric Draining (safe; 1% risk of failure)
Press: ? - help, Shift-Dir - straight line, f/p - black mamba
Aim: a black mamba (severely wounded)
You draw life force from the black mamba.
You feel life coursing into your body.
You feel very sick. The black mamba closely misses you.
The seven-headed hydra closely misses you.
The seven-headed hydra misses you. The seven-headed hydra bites you!
* * * LOW HITPOINT WARNING * * *
The seven-headed hydra bites you.
* * * LOW HITPOINT WARNING * * *
The seven-headed hydra bites you but does no damage.
The seven-headed hydra bites you!
You die...
Kikubaaqudgha rasps: "You have failed me!
Welcome... death!"

##......#
#...##.###
#.......##
#.#.⌠.#..
#.......P#
#.....#.
##.......##
#⌠.<.⌠..
##......#.#
#.......#.
#...P....##
###....##.
#..#....#.#
##..###.
##...§○.#.##
#.... ##
#...S@†...#
......
##..§D...##
.....#.
#P...4.##
..##. .#
#........
#..........
#.............
##..........#.
#...........


You could see a seven-headed hydra (ally target), a black mamba and a friendly
ice devil (summoned).

Vanquished Creatures
  Fannar (Lair:1)
  A hydra (Lair:4)
  A death knight (D:9)
  A two-headed ogre (D:9)
  4 death yaks (Lair:3)
  Nergalle (Lair:1)
  A skyshark (Lair:2)
  A manticore (D:9)
  3 elephants (Lair:5)
  3 black mambas
  5 cane toads
  Jeremiah (D:8)
  A cane toad (shapeshifter) (D:9)
  6 komodo dragons
  Psyche (D:8)
  2 death yak zombies (Lair:3)
  A polar bear (Lair:2)
  12 blink frogs
  A hornet (D:9)
  2 black mamba zombies (Lair:4)
  17 yaks
  2 shadows (D:9)
  2 wyverns
  3 basilisks
  Grum (D:9)
  6 steam dragons
  A cane toad zombie (Lair:4)
  9 water moccasins
  An orc warrior (D:9)
  3 ogres
  A crocodile (Sewer)
  2 blink frog zombies (Lair:5)
  2 elephant zombies (Lair:5)
  19 wolves
  7 centaurs
  A phantom (D:5)
  2 komodo dragon zombies
  2 kobold brigands
  13 bullfrogs
  A wyvern zombie (D:7)
  A scorpion (D:3)
  4 gnoll sergeants
  A wight (D:9)
  9 killer bees
  5 howler monkeys
  A bombardier beetle (D:5)
  2 centaur zombies (D:7)
  6 bullfrog zombies
  A lava snake (Lair:3)
  2 orc priests
  10 hounds
  A jelly (D:6)
  A gnoll bouda (D:9)
  A scorpion zombie (Lair:1)
  Ijyb (D:5)
  Terence (D:3)
  2 iguanas
  10 orc wizards
  3 sleepcaps
  Natasha (thrice) (D:2)
  2 killer bee zombies (D:7)
  A howler monkey zombie (D:7)
  6 adders
  18 gnolls
  2 shadow imps (D:7)
  A white imp (D:7)
  4 ribbon worms
  2 dart slugs
  24 orcs
  A bat (D:3)
  3 endoplasms
  2 giant cockroaches
  10 goblins
  2 hobgoblins
  9 jackals
  5 quokkas
  9 ball pythons
  2 frilled lizards
  12 kobolds
  2 rats
326 creatures vanquished.

Vanquished Creatures (collateral kills)
  Gastronok (Lair:1)
  A hydra (Lair:4)
  A catoblepas (Lair:1)
  A death yak (Lair:3)
  A boulder beetle (Lair:3)
  A black mamba (Lair:4)
  A cane toad (Lair:1)
  Maggie (Lair:2)
  2 komodo dragons (Lair:4)
  4 blink frogs
  3 yaks
  2 water moccasins
  3 bullfrogs
  A scorpion (Lair:1)
23 creatures vanquished.

Vanquished Creatures (others)
  A black mamba zombie (Lair:4)
  An elephant zombie (Lair:5)
  A blink frog zombie (Lair:5)
  A komodo dragon zombie (Lair:1)
  A bullfrog zombie (Lair:4)
  A basilisk zombie (D:9)
  A howler monkey zombie (D:9)
7 creatures vanquished.

Grand Total: 356 creatures vanquished

Notes
Turn   | Place    | Note
-------+----------+-------------------------------------------
     0 | D:1      | PaiMei the Demonspawn Necromancer began the quest for the
                  | Orb.
     0 | D:1      | Reached XP level 1. HP: 13/13 MP: 3/3
   275 | D:1      | Gained mutation: Your demonic aura sometimes causes spilled
                  | blood to erupt in flames. [demonic ancestry]
   275 | D:1      | Reached XP level 2. HP: 16/19 MP: 0/5
  1294 | D:2      | Reached XP level 3. HP: 24/24 MP: 4/6
  1486 | D:2      | Noticed Natasha
  1865 | D:2      | Killed Natasha
  1866 | D:2      | Reached skill level 1 in Fighting
  1866 | D:2      | Reached XP level 4. HP: 27/32 MP: 3/8
  1881 | D:2      | Noticed Natasha
  1886 | D:2      | Killed Natasha
  1887 | D:2      | Reached skill level 5 in Necromancy
  1891 | D:2      | Noticed Natasha
  2049 | D:2      | Killed Natasha
  2119 | D:2      | Gained mutation: You are partially covered in icy blue
                  | scales. (AC +2) [demonic ancestry]
  2119 | D:2      | Reached XP level 5. HP: 29/37 MP: 3/9
  2476 | D:2      | Found Keqo's Antique Armour Shop.
  3172 | D:3      | Found a shimmering blue altar of Sif Muna.
  3183 | D:3      | Noticed Terence
  3192 | D:3      | Killed Terence
  4064 | D:3      | Gained mutation: Your touch may inflict minor irresistible
                  | damage on your foes. [demonic ancestry]
  4064 | D:3      | Reached XP level 6. HP: 37/45 MP: 6/11
  4104 | D:3      | Learned a level 3 spell: Vampiric Draining
  4109 | D:3      | Learned a level 4 spell: Animate Dead
  4314 | D:4      | Found a glowing drain.
  4434 | Sewer    | Entered a sewer
  5135 | D:5      | Entered Level 5 of the Dungeon
  5183 | D:5      | Reached skill level 6 in Necromancy
  5183 | D:5      | Gained mutation: You are mostly covered in icy blue scales.
                  | (AC +3) [demonic ancestry]
  5183 | D:5      | Reached XP level 7. HP: 52/52 MP: 6/12
  5187 | D:5      | Found Pistrus's General Store.
  6043 | D:5      | Bought a potion of curing for 42 gold pieces
  6432 | D:5      | Noticed Ijyb
  6560 | D:5      | Killed Ijyb
  6926 | D:6      | Gained mutation: Your demonic aura often causes spilled
                  | blood to erupt in flames. [demonic ancestry]
  6926 | D:6      | Reached XP level 8. HP: 60/60 MP: 7/15
  7659 | D:6      | Reached skill level 5 in Spellcasting
  7659 | D:6      | Reached skill level 7 in Necromancy
  7871 | D:6      | Found a staircase to the Ecumenical Temple.
  8028 | D:6      | Reached skill level 5 in Dodging
  8567 | Temple   | Entered the Ecumenical Temple
  8662 | D:7      | Found a hazy altar of Hepliaklqana.
  8898 | D:7      | Reached skill level 5 in Fighting
  8938 | D:7      | Found a basalt altar of Yredelemnul.
  8974 | D:7      | Identified the +0 barding of Recklessness {Int+2}
  9216 | D:7      | Gained mutation: A weak demonic guardian rushes to your
                  | aid. [demonic ancestry]
  9216 | D:7      | Reached XP level 9. HP: 68/68 MP: 10/17
 10277 | D:7      | Reached skill level 8 in Necromancy
 10534 | D:8      | Noticed Psyche
 10568 | D:8      | Found an ornate altar of the Wu Jian Council.
 10574 | D:8      | Found an ancient bone altar of Kikubaaqudgha.
 10575 | D:8      | Found a burning altar of Makhleb.
 10579 | D:8      | Became a worshipper of Kikubaaqudgha
 10581 | D:8      | Found a broken altar of Ashenzari.
 10990 | D:8      | Killed Psyche
 11351 | D:8      | Noticed Jeremiah
 11573 | D:8      | HP: 3/60 [Jeremiah/divine providence (12)]
 11594 | D:8      | Killed Jeremiah
 11595 | D:8      | Reached skill level 9 in Necromancy
 12437 | D:9      | Gained mutation: A demonic guardian rushes to your aid.
                  | [demonic ancestry]
 12437 | D:9      | Reached XP level 10. HP: 77/77 MP: 6/20
 12812 | D:9      | Found a large runed translucent door.
 12812 | D:9      | Found a large runed translucent door.
 13017 | D:8      | Learned a level 5 spell: Curse of Agony
 13060 | D:9      | Reached * piety under Kikubaaqudgha
 13060 | D:9      | Received a gift from Kikubaaqudgha
 13261 | D:9      | Learned a level 3 spell: Fugue of the Fallen
 13263 | D:9      | Noticed Grum
 13284 | D:9      | Killed Grum
 13459 | D:9      | Found a staircase to the Lair.
 13653 | D:9      | Noticed a manticore
 13670 | D:9      | Found a staircase to the Orcish Mines.
 14316 | D:9      | Found a large runed translucent door.
 14316 | D:9      | Found a large runed translucent door.
 14421 | D:9      | Killed a manticore
 14552 | D:9      | Reached skill level 10 in Necromancy
 14564 | D:9      | Noticed a two-headed ogre
 14565 | D:9      | Noticed a death knight
 14570 | D:9      | Killed a two-headed ogre
 14867 | D:9      | Found the +7 Spriggan's Knife {stab, EV+4 Stlth+}
 14894 | D:9      | Noticed a cane toad
 14903 | D:9      | Killed a cane toad
 15133 | D:9      | Killed a death knight
 15134 | D:9      | Gained mutation: You are completely covered in icy blue
                  | scales. (AC +4, rC+) [demonic ancestry]
 15134 | D:9      | Reached XP level 11. HP: 18/87 MP: 10/23
 15391 | D:10     | Entered Level 10 of the Dungeon
 15396 | D:10     | Noticed Erolcha
 16342 | Lair:1   | Entered Level 1 of the Lair of Beasts
 16507 | Lair:1   | Noticed a catoblepas
 16541 | Lair:1   | Killed a catoblepas
 16731 | Lair:1   | Noticed Nergalle
 16752 | Lair:1   | Reached skill level 11 in Necromancy
 16866 | Lair:1   | Noticed Fannar
 16878 | Lair:1   | Killed Fannar
 16957 | Lair:1   | Noticed Gastronok
 16969 | Lair:1   | Killed Gastronok
 17205 | Lair:1   | Reached ** piety under Kikubaaqudgha
 17356 | Lair:1   | Killed Nergalle
 17904 | Lair:2   | Found a staircase to the Snake Pit.
 17927 | Lair:2   | Gained mutation: Your demonic aura causes all spilled blood
                  | to erupt in flames. [demonic ancestry]
 17927 | Lair:2   | Reached XP level 12. HP: 97/97 MP: 1/25
 18623 | Lair:2   | Reached skill level 10 in Fighting
 18783 | Lair:2   | Noticed Maggie
 18791 | Lair:2   | Killed Maggie
 18792 | Lair:2   | Reached skill level 12 in Necromancy
 19639 | Lair:3   | Noticed a death yak
 19639 | Lair:3   | Noticed a death yak
 19656 | Lair:3   | Noticed a death yak
 19667 | Lair:3   | Noticed a death yak
 19668 | Lair:3   | Noticed a death yak
 19677 | Lair:3   | Killed a death yak
 19680 | Lair:3   | Killed a death yak
 19681 | Lair:3   | Reached skill level 10 in Dodging
 19681 | Lair:3   | Reached skill level 10 in Spellcasting
 19686 | Lair:3   | Killed a death yak
 19691 | Lair:3   | Killed a death yak
 19691 | Lair:3   | Reached *** piety under Kikubaaqudgha
 19691 | Lair:3   | Received a gift from Kikubaaqudgha
 19693 | Lair:3   | Killed a death yak
 20067 | Lair:3   | Noticed a boulder beetle
 20080 | Lair:3   | Killed a boulder beetle
 20205 | Lair:3   | Found a staircase to the Shoals.
 20755 | Lair:4   | Noticed an eight-headed hydra
 20761 | Lair:4   | Killed an eight-headed hydra
 20762 | Lair:4   | Reached XP level 13. HP: 103/106 MP: 20/27
 20846 | Lair:4   | Reached skill level 13 in Necromancy
 21531 | Lair:5   | Entered Level 5 of the Lair of Beasts
 21723 | Lair:5   | HP: 3/106 [seven-headed hydra (3)]
 21723 | Lair:5   | Mangled by a seven-headed hydra

Illustrated notes

Levels and vault maps discovered:
D:1:      kennysheep_arrival_forest, layout_loops_corners,
          hangedman_decor_diamond_cutter, hangedman_glass_teeth,
          minmay_crystal_room, minmay_tall_x
D:2:      layout_loops_corners, serial_shops, nicolae_lakefront_shop,
          minivault_24, hex_large, minmay_pentomino_s2, uniq_natasha
D:3:      layout_rooms, mainiacjoe_overflow_24_doors,
          nicolae_overflow_hidden_temple, mainiacjoe_overflow_six_doors_small,
          minmay_misc_feat_columns, chequers_arboretum, uniq_terence
D:4:      layout_basic, cheibrodos_sewer_entry_bend, st_stairs_5,
          minmay_stone_trees_medium
D:5:      layout_rooms, serial_shops, nicolae_shop_trees, glass_columns_a,
          uniq_ijyb
D:6:      layout_layer_cave, minmay_temple_entry_arrows, st_stairs_6
D:7:      layout_cave_pods, nicolae_yredelemnul_corpse_copse,
          mainiacjoe_overflow_tiny_flanked
D:8:      layout_loops_ring, overflow_temple_1_default,
          nicolae_overflow_macrodata_refinement, uniq_psyche, uniq_jeremiah
D:9:      layout_small_grid, dpeg_oklobed_lair, orc_0_dummy,
          minmay_hollow_rounded_squares, uniq_grum
D:10:     layout_loops_ring, minmay_misc_feat_room, uniq_erolcha
Temple:   nicolae_temple_ecumenical_triangle
Lair:1:   layout_misc_corridors, serial_bayou_shore_b, uniq_fannar,
          uniq_gastronok, uniq_nergalle
Lair:2:   layout_regular_city, dummy_snake_entry, serial_bayou_shore_a,
          serial_bayou_shore_b, uniq_maggie
Lair:3:   layout_gridlike, minmay_shoals_entry_centaurs
Lair:4:   layout_misc_corridors, grunt_megastairs_3
Lair:5:   hangedman_lair_in_review, layout_hall_layers, wormcave,
          minmay_slime_entry_oklob_enclosed, grunt_megastairs_2, uniq_kirke,
          uniq_snorg

Skill      XL: |  1  2  3  4  5  6  7  8  9 10 11 12 13 |
---------------+----------------------------------------+-----
Stealth        | 2 |  2.2
Dodging        | 2 3 4 5 6 8 9 10 | 10.9
Fighting       | 1 2 3 4 5 6 8 9 11 | 11.5
Necromancy     | 5 6 7 9 10 11 12 13 | 13.3
Spellcasting   | 3 4 5 6 8 9 10 | 10.9

Action                     |  1- 3 |  4- 6 |  7- 9 | 10-12 | 13-15 || total
---------------------------+-------+-------+-------+-------+-------++-------
  Melee: Dagger            |     8 |     6 |    63 |       |       ||    77
         Punch             |     2 |       |     1 |       |       ||     3
         Mace              |    18 |     2 |       |       |       ||    20
         Short sword       |       |    26 |    25 |       |       ||    51
         Touch             |       |     3 |    25 |    24 |       ||    52
         Trident           |       |       |    44 |    67 |       ||   111
         Knife             |       |       |       |   105 |    34 ||   139
   Fire: Sling             |       |       |    53 |       |       ||    53
  Throw: Dart              |       |       |     1 |       |       ||     1
   Cast: Necrotise         |    65 |   125 |   138 |    84 |     6 ||   418
         Vampiric Draining |       |     1 |    74 |   234 |    34 ||   343
         Animate Dead      |       |       |       |     6 |     1 ||     7
         Fugue of the Fall |       |       |       |     1 |       ||     1
  Evoke: Wand              |       |       |     2 |       |       ||     2
    Use: Scroll            |       |       |     6 |     5 |       ||    11
         Potion            |       |       |     5 |       |       ||     5
   Stab: Sleeping          |       |       |       |     2 |       ||     2
 Armour: Robe              |    24 |    48 |    36 |       |       ||   108
         Leather armour    |       |       |   223 |   259 |    58 ||   540
  Dodge: Dodged            |    25 |    46 |   247 |   478 |    94 ||   890
  Block: Buckler           |       |       |       |    30 |       ||    30
